 Dungeon Crawl Stone Soup version 0.31.0-11-ge490571c62 (webtiles) character file.

Game seed: 76536681438522857

99 Strat the Chopper (level 4, -1/40 HPs)
             Began as a Hill Orc Monk on Jan 27, 2024.
             Slain by a gnoll
             ... wielding a +0 spear
              (6 damage)
             ... on level 3 of the Dungeon.
             The game lasted 00:02:44 (1642 turns).

Strat the Chopper (Hill Orc Monk)                   Turns: 1642, Time: 00:02:44

Health: -1/40      AC:  5    Str: 21    XL:     4   Next: 72%
Magic:  4/4        EV: 12    Int: 10    God:
Gold:   112        SH:  0    Dex: 13    Spells: 3/3 levels left

rFire   . . .        a - +0 hand axe
rCold   . . .        d - orb {light}
rNeg    . . .        g - +0 leather armour
rPois   .            (no helmet)
rElec   .            s - +0 cloak
rCorr   .            e - +0 pair of gloves
SInv    .            (no boots)
Will    .....        (no amulet)
Stlth   +            o - +6 ring of strength
HPRegen 0.26/turn    (no ring)
MPRegen 0.09/turn

%: no passive effects
@: glowing
A: no striking features
a: no special abilities


You were on level 3 of the Dungeon.
You visited 1 branch of the dungeon, and saw 3 of its levels.

You collected 112 gold pieces.

Inventory:

Hand Weapons
 a - a +0 hand axe (weapon)
Missiles
 l - 6 darts of dispersal (quivered)
Armour
 b - a +0 robe
 d - an orb of light (worn)
 e - a +0 pair of gloves (worn)
 g - a +0 leather armour (worn)
 s - a +0 cloak (worn)
Jewellery
 o - a +6 ring of strength (left hand)
 q - a ring of ice
 r - a ring of magical power
Scrolls
 j - a scroll of poison {unknown}
 k - a scroll of vulnerability {unknown}
 n - 3 scrolls of teleportation {unknown}
 p - 2 scrolls of identify {unknown}
 t - a scroll of enchant armour {unknown}
Potions
 c - a potion of ambrosia
 f - 3 potions of curing {unknown}
 h - a potion of berserk rage {unknown}
 i - a potion of invisibility {unknown}
 m - 3 potions of might {unknown}
 u - 2 potions of mutation {unknown}


   Skills:
 + Level 4.1 Fighting
 * Level 6.7 Axes
 - Level 2.4 Dodging


You had 3 spell levels left.
You didn't know any spells.
Your spell library contained the following spells:

 Spells                   Type           Power      Damage    Failure   Level
 Apportation              Tloc           0%         N/A       41%         1
 Kiss of Death            Conj/Necr      0%         2d5       41%         1
 Necrotise                Necr           0%         1d4       41%         1
 Sting                    Conj/Alch      0%         1d3       41%         1
 Summon Small Mammal      Summ           0%         N/A       41%         1
 Confusing Touch          Hex            0%         N/A       78%         3
 Dispel Undead            Necr           0%         3d6       99%         4


Dungeon Overview and Level Annotations

Branches:
Dungeon (3/15)

Altars:
Fedhas


Message History

You hit the gnoll but do no damage.
The gnoll is heavily wounded.
The gnoll hits you from afar with a +0 spear.
* * * LOW HITPOINT WARNING * * *
The gnoll hits you with a +0 flail.
* * * LOW HITPOINT WARNING * * *
You hit the gnoll.
The gnoll is heavily wounded.
The gnoll closely misses you. The gnoll hits you with a +0 flail.
* * * LOW HITPOINT WARNING * * *
Unknown command.
You hit the gnoll.
The gnoll is almost dead.
The gnoll hits you but does no damage. The gnoll hits you with a +0 flail!
* * * LOW HITPOINT WARNING * * *
You hit the gnoll.
The gnoll is almost dead.
The gnoll hits you from afar with a +0 spear.
* * * LOW HITPOINT WARNING * * *
The gnoll barely misses you.
Unknown command.
You hit the gnoll.
You kill the gnoll!
The gnoll misses you.
Your Fighting skill increases to level 4!
The gnoll closely misses you.
Things that are here:
a +0 flail; a gnoll corpse; a quokka corpse You hit the gnoll.
The gnoll is moderately wounded.
The gnoll hits you with a +0 spear.
* * * LOW HITPOINT WARNING * * *
The gnoll shouts!
You slash the gnoll!
The gnoll is almost dead.
The gnoll completely misses you.
You hit the gnoll.
You kill the gnoll!
The gnoll hits you from afar with a +0 spear.
You die...

#..# #..# #.# ###
#..#####..####.## ##..
#..##........... ... #..#
...... ...# #..
#####..#####..####.#####..
#................g........
#####.######....g....)....
####..######..###.#####..
#...[..)@.g...# #.# #..
#.##'#######..# #.# #.#
#.#........#..# #.# #.#
#.#........#.## #.# ###g#
#.#........#.# #.# #....
#.#........#.# #........
#.#........#..# #.......#
#.#........#..#≈#.......#
#.#......†.#..#≈#.......#


You could see a gnoll.

Vanquished Creatures
  2 gnolls (D:3)
  3 adders
  A dart slug (D:1)
  6 bats
  2 endoplasms
  2 giant cockroaches
  9 goblins
  4 hobgoblins (D:1)
  2 jackals (D:1)
  3 quokkas
  5 ball pythons
  2 frilled lizards
  3 kobolds
  5 rats
49 creatures vanquished.

Notes
Turn   | Place    | Note
-------+----------+-------------------------------------------
     0 | D:1      | Strat the Hill Orc Monk began the quest for the Orb.
     0 | D:1      | Reached XP level 1. HP: 19/19 MP: 1/1
    12 | D:1      | You fall into a shaft and drop 1 floor!
    76 | D:1      | Reached XP level 2. HP: 7/26 MP: 2/2
   169 | D:1      | Reached skill level 5 in Axes
   449 | D:1      | Reached XP level 3. HP: 28/31 MP: 3/3
   839 | D:1      | Reached skill level 6 in Axes
  1077 | D:2      | Reached XP level 4. HP: 40/40 MP: 4/4
  1281 | D:2      | Found a blossoming altar of Fedhas.
  1642 | D:3      | Slain by a gnoll

Illustrated notes

Levels and vault maps discovered:
D:1:      psy_arrival_statuary, layout_basic, minmay_hexomino_c4
D:2:      layout_basic, basic_altar, serial_glass, glass_columns_b,
          glass_columns_b
D:3:      layout_basic, serial_rivers, chequers_serial_rivers_small_3,
          chequers_serial_rivers_micro_d, chequers_serial_rivers_micro_b,
          chequers_serial_rivers_room_b, chequers_serial_rivers_micro_a,
          shapermc_ecumenical_altar_hornbeckon, hex_medium, minivault_25,
          kennysheep_nub, patterned_corridor, uniq_sigmund, uniq_terence

Skill      XL: |  1  2  3  4 |
---------------+-------------+-----
Axes           | 5 6 |  6.7
Fighting       | 4 |  4.1
Dodging        | |  2.4

Action                     |  1- 3 |  4- 6 || total
---------------------------+-------+-------++-------
  Melee: Hand axe          |    95 |    58 ||   153
 Armour: Robe              |    13 |       ||    13
         Leather armour    |    43 |    36 ||    79
  Dodge: Dodged            |    61 |    42 ||   103
